 Dungeon Crawl Stone Soup version 0.22-b1-21-g5cfc168 (webtiles) character file.

42 Gorglomux the Magician (level 3, 0/33 HPs)
             Began as a Troll Wizard on Aug 3, 2018.
             Slain by Sigmund
             ... wielding a +2 scythe of flaming
              (7 damage)
             ... on level 2 of the Dungeon.
             The game lasted 00:00:38 (1074 turns).

Gorglomux the Magician (Troll Wizard)               Turns: 1074, Time: 00:00:38

Health: 0/33       AC:  5    Str: 16    XL:     3   Next: 35%
Magic:  5/5        EV:  9    Int: 14    God:
Gold:   65         SH:  0    Dex:  8    Spells: 5/6 levels left

rFire    . . .     SeeInvis .     - Unarmed
rCold    . . .     Gourm    +   (no shield)
rNeg     . . .     Faith    .   a - +0 robe
rPois    .         Spirit   .   b - +0 hat
rElec    .         Reflect  .   (no cloak)
rCorr    .         Harm     .   (gloves unavailable)
MR       .....                  (boots unavailable)
Stlth    +.........             l - amulet of rage
HPRegen  0.51/turn              (no ring)
MPRegen  0.09/turn              (no ring)

@: no status effects
A: large, unfitting armour, claws 3, fast metabolism 3, gourmand, regeneration
1, shaggy fur 1, tough skin 2
a: Evoke Berserk Rage


You were on level 2 of the Dungeon.
You were very full.

You visited 1 branch of the dungeon, and saw 2 of its levels.

You collected 65 gold pieces.

Inventory:

Armour
 a - a +0 robe (worn)
 b - a +0 hat (worn)
 e - a +0 shield
Jewellery
 l - an amulet of rage (around neck)
Scrolls
 f - a scroll of blinking {unknown}
 h - 3 scrolls of identify {unknown}
 i - a scroll of fear {unknown}
 k - a scroll of enchant weapon {unknown}
 m - a scroll of remove curse {unknown}
Potions
 g - a potion of mutation {unknown}
 j - a potion of agility {unknown}
 n - a potion of curing {unknown}
Comestibles
 d - 3 rations


   Skills:
 + Level 1.6 Fighting
 - Level 1.5 Dodging
 - Level 1.0 Stealth
 + Level 2.0 Unarmed Combat
 - Level 2.0 Spellcasting
 - Level 0.6 Conjurations
   Level 0.6 Summonings
   Level 0.6 Translocations


You had 5 spell levels left.
You knew the following spells:

 Your Spells              Type           Power        Failure   Level  Hunger
a - Magic Dart            Conj           #...         19%         1    ##.....

Your spell library contained the following spells:

 Spells                   Type           Power        Failure   Level  Hunger
 Conjure Flame            Conj/Fire      #.......     54%         3    ####...
 Slow                     Hex            #.......     34%         2    ###....
 Mephitic Cloud           Conj/Pois/Air  #.......     54%         3    ####...
 Blink                    Tloc           N/A          28%         2    ###....
 Call Imp                 Summ           #.......     28%         2    ###....


Dungeon Overview and Level Annotations

Branches:
Dungeon (2/15)

Altars:
Sif Muna

Annotations:
D:2 Sigmund


Innate Abilities, Weirdness & Mutations

You are too large for most types of armour.
You have claws for hands.
Your metabolism is lightning-fast.
You like to eat raw meat.
Your natural rate of healing is unusually fast.
You are covered in fur. (AC +1)
You have very tough skin. (AC +2)


Message History

No target in view!!!
Unknown command!
No target in view!!!
No target in view!!!
No target in view!!!
No target in view!!!
Something hits you! Something burns you!
There is an open door here!
Found 10 gold pieces and 7 tomahawks!
Something hits you! Something burns you!
You miss something! Something hits you!!! Something burns you! * * * don't die
* * * You miss something!
You miss something! Something hits you! * * * don't die
* * * Something burns you! * * * don't die
* * *
There is an escape butt in the ceiling here!
Something hits you!!! rip

......... ################
.(......###...............
...$.....##..#...#...#...#
.........##_..............
.........##..#...#...#...#
........##...............
#.....################
#.#..@....#.#
#.#{#..####.##########
#.#.##.#.............#
#.#.##.#.##.########.#
##'#'##...##.# #.#
#....†....##.# #.#
#.(.).##..##.# #.#
#.........##.# #.#
#.....##...... #..


There were no monsters in sight!

Vanquished Creatures
  An adder (D:2)
  3 leopard geckos
  2 giant cockroaches
  4 goblins (D:1)
  5 hobgoblins
  4 bats (D:1)
  A frilled lizard (D:1)
  3 kobolds
  7 rats (D:1)
30 creatures vanquished.

Notes
Turn   | Place    | Note
-------+----------+-------------------------------------------
     0 | D:1      | Gorglomux the Troll Wizard began the quest for the Orb.
     0 | D:1      | Reached XP level 1. HP: 16/16 MP: 2/2
   138 | D:1      | Reached skill level 1 in Unarmed Combat
   142 | D:1      | Reached XP level 2. HP: 26/26 MP: 4/4
   226 | D:1      | Reached skill level 1 in Fighting
   718 | D:1      | Reached XP level 3. HP: 4/33 MP: 5/5
  1005 | D:2      | Found a deep blue altar of Sif Muna.
  1051 | D:2      | Noticed Sigmund
  1074 | D:2      | Slain by Sigmund

Skill      XL: |  1  2  3 |
---------------+----------+-----
Unarmed Combat | 1 2 |  2.0
Fighting       | 1 |  1.6
Dodging        | |  1.5
Stealth        | |  1.0
Spellcasting   | |  2.0
Conjurations   | |  0.6
Summonings     | |  0.6
Translocations | |  0.6

Action                   || total
-------------------------++-------
Melee: Unarmed           ||    93
 Stab: Sleeping          ||     2
  Eat: Chunk             ||    13
Armor: Robe              ||    38
Dodge: Dodged            ||    52
